 Dungeon Crawl Stone Soup version 0.25-a0-10-g2fe12d4386 (webtiles) character file.

Game seed: 5991780928731703362, levelgen mode: deterministic

95927 Johnny the Bewitcher (level 15, -10/117 HPs)
             Began as a Demigod Earth Elementalist on Oct 15, 2019.
             Mangled by a spiny frog (22 damage)
             ... on level 6 of the Lair of Beasts.
             The game lasted 00:46:39 (28047 turns).

Johnny the Bewitcher (Demigod Earth Elementalist)  Turns: 28047, Time: 00:46:40

Health: -10/117    AC: 14    Str: 11    XL:     15   Next: 24%
Magic:  9/32       EV: 16    Int: 35    God:
Gold:   1615       SH:  0    Dex: 16    Spells: 4/30 levels left

rFire    . . .     SeeInvis .   g - +7 whip (venom)
rCold    . . .     Gourm    .   (no shield)
rNeg     . . .     Faith    .   I - +4 troll leather armour
rPois    .         Spirit   .   (no helmet)
rElec    .         Reflect  .   (no cloak)
rCorr    .         Harm     .   K - +0 pair of gloves
MR       +....                  H - +4 pair of boots of the Vacuum {+Inv}
Stlth    ++........             B - amulet of regeneration
HPRegen  1.09/turn              J - +6 ring of intelligence
MPRegen  0.23/turn              a - ring of wizardry

@: lethally poisoned (-10 -> -18)
A: high mp 1
a: Evoke Invisibility


You were on level 6 of the Lair of Beasts.
You were very hungry.

You visited 3 branches of the dungeon, and saw 23 of its levels.
You also visited: Volcano.

You collected 2311 gold pieces.
You spent 696 gold pieces at shops.

Inventory:

Hand Weapons
 g - a +7 whip of venom (weapon)
Missiles
 D - 447 stones (quivered)
Armour
 q - +0 acid dragon scales
 H - the +4 pair of boots of the Vacuum (worn) {+Inv}
   (You found it on level 11 of the Dungeon)

   It lets you turn invisible.
 I - a +4 troll leather armour (worn)
 K - a +0 pair of gloves (worn)
Magical Staves
 C - an uncursed staff of energy {unknown}
 U - an uncursed staff of fire {unknown}
Jewellery
 a - a ring of wizardry (right hand)
 c - an uncursed ring of flight
 w - an uncursed ring of see invisible
 y - a +1 ring of protection
 B - an amulet of regeneration (around neck)
 J - a +6 ring of intelligence (left hand)
 S - an uncursed ring of protection from magic
 T - a +3 ring of intelligence
 V - an uncursed ring of positive energy
Wands
 f - a wand of random effects (78)
 m - a wand of disintegration (17)
 x - a wand of digging (7)
 F - a wand of flame (36)
 X - a wand of iceblast (3)
Scrolls
 i - 5 scrolls of remove curse
 j - 11 scrolls of teleportation
 l - 2 scrolls of random uselessness {unknown}
 s - 7 scrolls of amnesia
 t - 4 scrolls of magic mapping
 u - 2 scrolls of fog {unknown}
 L - 5 scrolls of immolation
 N - 2 scrolls of fear {unknown}
 P - 3 scrolls of noise {unknown}
 W - a scroll of enchant weapon
 Z - a scroll of enchant armour
Potions
 b - 2 potions of lignification
 e - a potion of haste
 h - a potion of invisibility
 k - 3 potions of might
 n - 4 potions of degeneration
 o - 3 potions of cancellation {unknown}
 p - 4 potions of flight
 r - a potion of resistance
 v - 7 potions of curing
 z - 4 potions of agility
 A - 4 potions of brilliance
 E - 6 potions of berserk rage
 M - 3 potions of heal wounds {unknown}
 Q - a potion of magic {unknown}
Miscellaneous
 O - a box of beasts
 R - a lamp of fire
 Y - a lightning rod (4/4)
Comestibles
 d - 33 rations


   Skills:
 - Level 6.7 Fighting
 - Level 7.1 Dodging
 - Level 1.7 Stealth
 + Level 8.3 Spellcasting
 - Level 18.1 Hexes
 - Level 0.8 Transmutations
 * Level 12.4 Earth Magic


You had 4 spell levels left.
You knew the following spells:

 Your Spells              Type           Power        Failure   Level  Hunger
a - Sandblast             Erth           ######       0%          1    None
b - Stone Arrow           Conj/Erth      ######       1%          3    None
c - Lee's Rapid Deconstr  Erth           #######...   1%          5    ###....
d - Petrify               Tmut/Erth      ######..     1%          4    None
e - Discord               Hex            #######...   6%          8    #######
f - Borgnjor's Vile Clut  Necr/Erth      ######....   3%          5    ###....

Your spell library contained the following spells:

 Spells                   Type           Power        Failure   Level  Hunger
 Confusing Touch          Hex            ######       0%          1    None
 Confuse                  Hex            #######.     0%          3    None
 Cause Fear               Hex            #######...   0%          4    None
 Animate Skeleton         Necr           N/A          1%          1    None
 Apportation              Tloc           ##....       1%          1    None
 Freeze                   Ice            ##..         1%          1    None
 Shock                    Conj/Air       ##..         1%          1    None
 Summon Small Mammal      Summ           ##..         1%          1    None
 Passwall                 Tmut/Erth      ######..     1%          2    None
 Poisonous Vapours        Pois/Air       ##....       2%          2    None
 Swiftness                Chrm/Air       ##......     2%          2    None
 Throw Frost              Conj/Ice       ##....       2%          2    None
 Conjure Flame            Conj/Fire      ##......     4%          3    None
 Gell's Gravitas          Tloc           ##........   4%          3    None
 Ignite Poison            Fire/Tmut/Pois ###.....     4%          3    None
 Mephitic Cloud           Conj/Pois/Air  ##......     4%          3    None
 Ozocubu's Armour         Chrm/Ice       ##......     4%          3    None
 Recall                   Summ/Tloc      N/A          4%          3    None
 Static Discharge         Conj/Air       ##......     4%          3    None
 Airstrike                Air            ##........   16%         4    None
 Animate Dead             Necr           N/A          16%         4    None
 Summon Ice Beast         Ice/Summ       ##......     16%         4    None
 Summon Lightning Spire   Summ/Air       ##......     16%         4    None
 Throw Icicle             Conj/Ice       ##......     16%         4    None
 Metabolic Englaciation   Hex/Ice        ######....   1%          5    ###....
 Silence                  Hex/Air        ######....   1%          5    ###....
 Yara's Violent Unravell  Hex/Tmut       ######....   1%          5    ###....
 Statue Form              Tmut/Erth      ######...    16%         6    #####..
 Irradiate                Conj/Tmut      ###.......   32%         5    ###....
 Fireball                 Conj/Fire      ##........   38%         5    ###....
 Lightning Bolt           Conj/Air       ##........   38%         5    ###....
 Hydra Form               Tmut           ###.......   82%         6    #####..
 Bolt of Fire             Conj/Fire      ##........   90%         6    #####..
 Conjure Ball Lightning   Conj/Air       ##........   90%         6    #####..
 Death Channel            Necr           ##........   90%         6    #####..
 Deflect Missiles         Chrm/Air       ##........   90%         6    #####..
 Freezing Cloud           Conj/Ice/Air   ##........   90%         6    #####..
 Simulacrum               Ice/Necr       ##........   90%         6    #####..
 Dragon Form              Tmut           ###.......   100%        7    ######.
 Ring of Flames           Chrm/Fire      ##........   100%        7    ######.
 Ignition                 Fire           ##........   100%        8    #######
 Tornado                  Air            ##........   100%        9    #######


Dungeon Overview and Level Annotations

Branches:
Dungeon (15/15)            Temple (0/1) D:5            Lair (6/6) D:11
  Swamp (0/4) Lair:4        Snake (0/4) Lair:2        Slime (0/5) Lair:5
    Orc (2/2) D:9             Elf (0/3) Orc:2        Depths (0/5) D:15
Volcano (visited)
 Vaults: D:13-14

Shops:
D:12 [   Orc:2 [(*=

Annotations:
D:4 exclusion: statue


Innate Abilities, Weirdness & Mutations

You have an increased reservoir of magic. (+10% MP)


Message History

The spiny frog is moderately wounded.
The wolf closely misses you.
Your water moccasin bites the spiny frog.
Your spiny frog closely misses the wolf.
Your water moccasin barely misses the wolf.
The wolf barely misses you. The spiny frog stings you!
* * * LOW HITPOINT WARNING * * *
You are poisoned.
The spiny frog poisons you!
Your water moccasin bites the spiny frog but does no damage.
Your spiny frog stings the wolf!!
Your water moccasin closely misses the wolf.
Unknown command.
Unknown command.
You hit the wolf.
You kill the wolf!
You feel very sick.
Your water moccasin barely misses the spiny frog.
The spiny frog stings you!!
You die...

......#...................
....##.†..................
..P. ###P†....†.........##
.. ##†...†%..........# ♣
##..†..............#
##.#†..............# ♣♣#
##t##.....†.S.......#
hP####h###.#.....F†.....P#
...#†.## ##....†@.F.....##
..hhh#.###.......S.....P.#
..P.###.##.##...........P#
.....##....##........P..##
.#..##....#.#P..........#
######.............#.P..#
#..............#...#
#.P...#.PP.......#....
.PPP.....#...#.#.#......


You could see a spiny frog, a friendly spiny frog and 2 friendly water
moccasins.

Vanquished Creatures
  Rupert (Lair:5)
  Kirke (Lair:5)
  An orc warlord (Orc:2)
  A spark wasp (shapeshifter) (D:14)
  A fire dragon (D:14)
  6 hydras
  Erolcha (Orc:2)
  3 centaur warriors (D:15)
  Erica (D:9)
  2 ogre magi (D:15)
  15 two-headed ogres
  3 death yaks
  An orc high priest (Orc:2)
  5 skeletal warriors (D:12)
  An unseen horror (D:14)
  3 lindwurms
  A wizard (D:15)
  A deep elf mage (D:14)
  An orc knight (Orc:2)
  A necromancer (D:14)
  5 manticores
  2 oklob plants (Lair:4)
  5 orc sorcerers
  2 cyclopes (Orc:1)
  13 ugly things
  2 toenail golems (Volcano)
  7 elephants
  3 black mambas
  A naga mage (D:15)
  Psyche (D:12)
  2 gargoyles
  An ice statue (D:12)
  5 spiny frogs
  5 rime drakes
  8 komodo dragons
  A kobold demonologist (D:14)
  A freezing wraith (D:15)
  2 efreet (Volcano)
  5 trolls
  3 meliai (Lair:4)
  2 polar bears
  A queen bee (Lair:4)
  12 blink frogs
  A dream sheep (Lair:3)
  9 hippogriffs
  6 hogs
  2 shadows
  A wraith (D:15)
  Eustachio (D:6)
  3 fire elementals (Volcano)
  A human (D:8)
  A spriggan (Lair:3)
  4 wyverns
  32 yaks
  A hungry ghost (D:15)
  7 basilisks
  2 vampire mosquitoes (D:15)
  Menkaure (D:5)
  3 wargs (D:11)
  5 nagas (Lair:2)
  4 acid dragons
  Duvessa (D:7)
  A soldier ant (D:15)
  A swamp drake (Lair:4)
  16 orc warriors
  10 porcupines
  6 water moccasins
  4 ice beasts
  2 eyes of draining
  4 sky beasts
  A phantom (D:7)
  15 ogres
  3 necrophages (Lair:2)
  A black bear (D:8)
  3 centaurs
  21 wolves
  12 crocodiles
  3 big kobolds
  16 bullfrogs
  4 earth elementals (Volcano)
  A wyvern skeleton (D:11)
  Dowan (D:7)
  2 water moccasin zombies
  5 scorpions
  A water moccasin skeleton (D:9)
  40 killer bees
  7 wights
  2 vampire bats (Orc:1)
  4 crimson imps
  3 centaur zombies
  8 hounds
  3 jellies
  A bullfrog zombie (D:11)
  31 orc wizards
  A gnoll shaman (D:7)
  13 orc priests
  3 bullfrog skeletons
  7 centaur skeletons
  Jessica (D:2)
  9 iguanas
  4 worker ants
  3 hound skeletons
  3 gnolls (D:7)
  15 adders
  4 shadow imps
  3 oozes
  2 dart slugs
  4 leopard geckos
  60 orcs
  8 giant cockroaches
  8 goblins
  5 hobgoblins
  8 jackals
  4 quokkas
  2 ball pythons
  A ball python skeleton (D:5)
  11 bats
  6 frilled lizards
  A goblin zombie (D:6)
  25 kobolds
  A kobold skeleton (D:6)
  11 rats
  A fire vortex (Volcano)
  2 fungi
682 creatures vanquished.

Vanquished Creatures (collateral kills)
  6 death yaks
  5 orc high priests
  3 orc knights (Orc:2)
  An orc sorcerer (Orc:2)
  2 spiny frogs (Lair:6)
  3 trolls (Orc:2)
  2 wargs (Orc:2)
  5 dream sheep (Lair:6)
  A water moccasin (Lair:6)
  17 orc warriors
  An ogre (Orc:2)
  21 wolves (Lair:6)
  A crocodile (Lair:6)
  2 orc wizards
  7 orc priests
  19 orcs
96 creatures vanquished.

Vanquished Creatures (others)
  A death yak (Lair:6)
  An orc high priest (Orc:2)
  A komodo dragon (Lair:6)
  An orc warrior (Orc:2)
  2 wolves (Lair:6)
  2 dream sheep (Lair:6)
  A human (Lair:5)
  A crocodile (Lair:6)
  An orc priest (Orc:1)
  An orc (Orc:2)
  A fire vortex (Volcano)
  20 fungi
  9 plants
42 creatures vanquished.

Grand Total: 820 creatures vanquished

Notes
Turn   | Place    | Note
-------+----------+-------------------------------------------
     0 | D:1      | Johnny the Demigod Earth Elementalist began the quest for
                  | the Orb.
     0 | D:1      | Reached XP level 1. HP: 14/14 MP: 5/5
   224 | D:1      | Reached XP level 2. HP: 14/22 MP: 4/7
   681 | D:1      | Reached skill level 1 in Fighting
   681 | D:1      | Reached XP level 3. HP: 24/28 MP: 8/8
   786 | D:2      | Found a sparkling altar of Nemelex Xobeh.
  1180 | D:2      | Noticed Jessica
  1187 | D:2      | Killed Jessica
  1187 | D:2      | Reached XP level 4. HP: 11/35 MP: 7/10
  1345 | D:2      | Found a hide-covered altar of Uskayaw.
  1347 | D:2      | Found a glowing golden altar of the Shining One.
  1347 | D:2      | Found a blossoming altar of Fedhas.
  1348 | D:2      | Found a shattered altar of Ashenzari.
  1365 | D:2      | Found a glowing silver altar of Zin.
  1366 | D:2      | Found a stormy altar of Qazlal.
  1569 | D:3      | Noticed an ogre
  1578 | D:3      | Killed an ogre
  1578 | D:3      | Reached XP level 5. HP: 21/41 MP: 6/11
  2038 | D:3      | Found a snail-covered altar of Cheibriados.
  2221 | D:4      | Reached XP level 6. HP: 48/48 MP: 6/13
  2581 | D:4      | Reached skill level 5 in Earth Magic
  2740 | D:4      | Reached XP level 7. HP: 57/57 MP: 11/15
  3048 | D:4      | Identified the +5 whip of Internal Strife {flame, -Tele
                  | rElec Dex-3 SInv}
  3258 | D:4      | Found a radiant altar of Vehumet.
  3264 | D:4      | Learned a level 3 spell: Stone Arrow
  3270 | D:4      | Learned a level 5 spell: Lee's Rapid Deconstruction
  3275 | D:4      | Learned a level 4 spell: Petrify
  3486 | D:4      | Got a transparent chain mail
  3710 | D:4      | Found a sacrificial altar of Ru.
  3755 | D:5      | Entered Level 5 of the Dungeon
  4060 | D:5      | Reached XP level 8. HP: 55/66 MP: 17/17
  4195 | D:5      | Found a staircase to the Ecumenical Temple.
  4206 | D:5      | Noticed Menkaure
  5092 | D:5      | Killed Menkaure
  5100 | D:5      | Reached skill level 5 in Dodging
  5240 | D:6      | Found a white marble altar of Elyvilon.
  5890 | D:6      | Noticed Eustachio
  5908 | D:6      | Killed Eustachio
  6372 | D:6      | Found a runed translucent door.
  6381 | D:6      | Reached XP level 9. HP: 67/73 MP: 19/19
  6418 | D:6      | Found a basalt altar of Yredelemnul.
  6510 | D:7      | Reached skill level 5 in Fighting
  6510 | D:7      | Reached skill level 5 in Spellcasting
  6979 | D:7      | Noticed Duvessa
  6981 | D:7      | Noticed Dowan
  6991 | D:7      | Killed Duvessa
  7005 | D:7      | Killed Dowan
  7358 | D:7      | Identified the +2 chain mail of Tartarus {Dex+3} (You found
                  | it on level 4 of the Dungeon)
  7536 | D:8      | Found a blossoming altar of Fedhas.
  8287 | D:8      | Noticed a gargoyle
  8290 | D:8      | Killed a gargoyle
  8290 | D:8      | Reached XP level 10. HP: 83/83 MP: 15/22
  8580 | D:8      | Noticed a two-headed ogre
  8585 | D:8      | Killed a two-headed ogre
  8744 | D:9      | Noticed Erica
  8747 | D:9      | Killed Erica
  8926 | D:9      | Found a staircase to the Orcish Mines.
  9218 | D:9      | Reached skill level 10 in Earth Magic
  9343 | D:9      | Learned a level 8 spell: Discord
  9486 | D:9      | Noticed a purple ugly thing
  9595 | D:9      | Killed a purple ugly thing
  9595 | D:9      | Reached skill level 2 in Hexes
  9788 | D:10     | Entered Level 10 of the Dungeon
 10173 | D:10     | Reached skill level 3 in Hexes
 10439 | D:10     | Noticed a two-headed ogre
 10447 | D:10     | Killed a two-headed ogre
 10447 | D:10     | Reached skill level 4 in Hexes
 10575 | D:11     | Noticed a green ugly thing
 10584 | D:11     | Killed a green ugly thing
 10592 | D:11     | Reached skill level 5 in Hexes
 10713 | D:11     | Got a pair of transparent boots
 10720 | D:11     | Identified the +4 pair of boots of the Vacuum {+Inv} (You
                  | found it on level 11 of the Dungeon)
 10720 | D:11     | Reached XP level 11. HP: 91/91 MP: 22/24
 10896 | D:11     | Reached skill level 6 in Hexes
 11013 | D:11     | Found a staircase to the Lair.
 11060 | D:11     | Reached skill level 7 in Hexes
 12014 | D:12     | Noticed a two-headed ogre
 12028 | D:12     | Killed a two-headed ogre
 12028 | D:12     | Reached skill level 8 in Hexes
 12130 | D:12     | Noticed Psyche
 12147 | D:12     | Killed Psyche
 12262 | D:12     | Reached skill level 9 in Hexes
 12325 | D:12     | Found Neuboag's Antique Armour Boutique.
 12743 | D:12     | Noticed a skeletal warrior
 12743 | D:12     | Noticed a skeletal warrior
 12743 | D:12     | Noticed a skeletal warrior
 12743 | D:12     | Noticed a skeletal warrior
 12746 | D:12     | Noticed a skeletal warrior
 12750 | D:12     | Killed a skeletal warrior
 12750 | D:12     | Reached skill level 10 in Hexes
 12765 | D:12     | Killed a skeletal warrior
 12766 | D:12     | Killed a skeletal warrior
 12766 | D:12     | Killed a skeletal warrior
 12896 | D:12     | Killed a skeletal warrior
 13375 | D:13     | Reached skill level 11 in Hexes
 13375 | D:13     | Reached XP level 12. HP: 97/97 MP: 9/25
 14337 | D:14     | Found a hazy altar of Hepliaklqana.
 14449 | D:15     | Entered Level 15 of the Dungeon
 14579 | D:15     | Noticed an ogre mage
 14582 | D:15     | Killed an ogre mage
 14582 | D:15     | Reached skill level 12 in Hexes
 14879 | D:15     | Reached skill level 13 in Hexes
 15102 | D:15     | Noticed a centaur warrior
 15103 | D:15     | Noticed a centaur warrior
 15114 | D:15     | Killed a centaur warrior
 15117 | D:15     | Killed a centaur warrior
 15376 | D:15     | Reached skill level 14 in Hexes
 15397 | D:15     | Reached XP level 13. HP: 104/104 MP: 6/26
 15837 | D:15     | Found a staircase to the Depths.
 15877 | D:15     | Reached skill level 15 in Hexes
 16384 | D:14     | Noticed a spark wasp
 16396 | D:14     | Killed a spark wasp
 17777 | Lair:1   | Entered Level 1 of the Lair of Beasts
 17783 | Lair:1   | Reached skill level 16 in Hexes
 18929 | Lair:2   | Got a shimmering ring mail
 19800 | Lair:2   | Found a staircase to the Snake Pit.
 20179 | Lair:3   | Reached XP level 14. HP: 84/111 MP: 8/28
 20510 | Lair:3   | Reached skill level 17 in Hexes
 21098 | Lair:4   | Found a staircase to the Swamp.
 21447 | Lair:4   | Identified the cursed +1 ring mail "Nuitt" {rPois rN+
                  | Dex+2} (You found it on level 2 of the Lair of Beasts)
 22426 | Lair:4   | Reached skill level 18 in Hexes
 23217 | Orc:1    | Entered Level 1 of the Orcish Mines
 23630 | Orc:1    | Found a roughly hewn altar of Beogh.
 23747 | Orc:2    | Entered Level 2 of the Orcish Mines
 23749 | Orc:2    | Found Epsufanow's General Store.
 23749 | Orc:2    | Noticed an orc warlord
 23751 | Orc:2    | Noticed Erolcha
 23756 | Orc:2    | Killed Erolcha
 23792 | Orc:1    | Learned a level 5 spell: Borgnjor's Vile Clutch
 23862 | Orc:1    | Found a dark tunnel.
 23868 | Volcano  | Entered a volcano
 25217 | Orc:2    | Bought a scroll of teleportation for 48 gold pieces
 25217 | Orc:2    | Bought a scroll of identify for 32 gold pieces
 25217 | Orc:2    | Bought a potion of might for 64 gold pieces
 25217 | Orc:2    | Bought a scroll of summoning for 152 gold pieces
 25407 | Orc:2    | Found Wantaph's Antique Weapon Emporium.
 25498 | Orc:2    | Found Pauzioxt's Antique Armour Emporium.
 25506 | Orc:2    | Bought a translucent leather armour for 175 gold pieces
 25506 | Orc:2    | Bought a dazzling ring mail for 225 gold pieces
 25513 | Orc:2    | Found a staircase to the Elven Halls.
 25738 | Orc:2    | Killed an orc warlord
 25985 | Orc:2    | Found Lallinaf's Jewellery Emporium.
 26205 | Orc:2    | Identified the cursed +1 leather armour "Dattozef" {rPois}
                  | (You bought it in a shop on level 2 of the Orcish Mines)
 26216 | Orc:2    | Identified the cursed +1 ring mail of Anaesthesia {rN++}
                  | (You bought it in a shop on level 2 of the Orcish Mines)
 26806 | Lair:5   | Found a staircase to the Slime Pits.
 26806 | Lair:5   | Noticed Rupert
 26829 | Lair:5   | Paralysed by Rupert for 5 turns
 26838 | Lair:5   | Killed Rupert
 26838 | Lair:5   | Reached XP level 15. HP: 94/117 MP: 4/31
 26935 | Lair:5   | Found a viscous altar of Jiyva.
 27018 | Lair:5   | Noticed Kirke
 27036 | Lair:5   | Killed Kirke
 27876 | Lair:6   | Entered Level 6 of the Lair of Beasts
 28047 | Lair:6   | Mangled by a spiny frog

Levels and vault maps discovered:
D:1:      minmay_arrival_three_doors, layout_basic, minmay_pentomino_u4
D:2:      layout_basic, grunt_temple_overflow_open, kennysheep_jessica_study
D:3:      layout_basic, first_ration, kennysheep_slug_shrine
D:4:      layout_gridville, vehumet_statue, nicolae_ru_path_of_blood
D:5:      layout_basic, minmay_temple_entry_mist, uniq_menkaure
D:6:      layout_basic, old_standard_altar, dk_yredelemnul_ordeal,
          uniq_eustachio
D:7:      layout_cave_pods, uniq_duvessa
D:8:      layout_basic, grunt_livestock, fedhas_altar_3
D:9:      layout_roguey, orc_0_dummy, grunt_tough_drop, uniq_erica
D:10:     layout_basic, chequers_serial_rivers_room_b
D:11:     layout_long_grid, erik_lair_orcish_takeover, serial_glass,
          glass_columns_a, glass_columns_b, kennysheep_nondescript
D:12:     lemuel_ice_statue, layout_irregular_city, serial_shops,
          nicolae_shop_waterfront, uniq_psyche
D:13:     layout_loops_corners, kennysheep_decorative_pillar
D:14:     layout_cave_pods, david_vaults_4, kennysheep_path_1, basic_altar
D:15:     grunt_enter_depths_magical_seal, layout_irregular_city,
          minmay_misc_feat_room
Lair:1:   beast_lair_carwin_large_2, layout_regular_city
Lair:2:   layout_layer_cave, minmay_snake_entry_guardpost_large,
          serial_bayou_lagoon_a, roderic_carrion_pond, grunt_megastairs_2
Lair:3:   layout_roguey, grunt_forest_large_clearing_hut
Lair:4:   regret_index_harrowing_hell_hive, layout_cave_pods,
          minmay_swamp_entry_reptiles, small_statue_intersection,
          lemuel_fruit_tree
Lair:5:   layout_gridlike, slime_altar_1, st_stairs_6, minivault_23,
          uniq_rupert, uniq_kirke
Lair:6:   wormcave, layout_hall_layers, hangedman_lair_caniforms_friends,
          portal_ice_cave_entry_imps, nicolae_quartered_pool_little,
          grunt_forest_large_clearings
Orc:1:    layout_diamond_mine, nicolae_volcano_entry_vermiform, roderic_batcave,
          lemuel_statue_altar
Orc:2:    grunt_orc_gardens, layout_caves, grunt_orc_garden, grunt_orc_garden,
          grunt_orc_garden, grunt_orc_garden, uniq_erolcha

Skill      XL: |  1  2  3  4  5  6  7  8  9 10 11 12 13 14 15 |
---------------+----------------------------------------------+-----
Earth Magic    | 3 4 5 6 7 9 10 11 12 | 12.4
Dodging        | 2 3 4 5 6 7 |  7.1
Spellcasting   | 2 3 4 5 6 7 8 |  8.3
Fighting       | 1 2 3 4 6 |  6.7
Hexes          | 5 11 14 16 18 | 18.1
Stealth        | |  1.7
Transmutations | |  0.8

Action                   |  1- 3 |  4- 6 |  7- 9 | 10-12 | 13-15 || total
-------------------------+-------+-------+-------+-------+-------++-------
Melee: Spear             |    36 |       |       |       |       ||    36
       Whip              |    40 |    80 |   303 |   534 |   858 ||  1815
Throw: Stone             |       |       |       |       |     2 ||     2
 Cast: Sandblast         |    25 |    43 |    60 |    78 |   185 ||   391
       Stone Arrow       |       |       |    53 |    74 |    85 ||   212
       Lee's Rapid Decon |       |       |    13 |    58 |   146 ||   217
       Petrify           |       |       |     2 |     2 |    17 ||    21
       Discord           |       |       |       |       |    12 ||    12
Evoke: Wand              |       |       |     3 |    21 |    23 ||    47
       Lamp of fire      |       |       |       |       |     2 ||     2
       Lightning rod     |       |       |       |       |     4 ||     4
  Use: Scroll            |       |       |     8 |     9 |    24 ||    41
       Potion            |       |       |       |     3 |     7 ||    10
 Stab: Sleeping          |     5 |     5 |    14 |    16 |     2 ||    42
       Distracted        |       |     1 |       |       |       ||     1
       Petrified         |       |       |     1 |       |    12 ||    13
       Petrifying        |       |       |     1 |       |       ||     1
       Paralysed         |       |       |       |     8 |       ||     8
  Eat: Chunk             |     1 |     5 |    17 |    24 |    39 ||    86
       Ration            |       |       |     2 |     5 |    11 ||    18
Armor: Robe              |    14 |    19 |    45 |    16 |       ||    94
       Leather armour    |       |       |       |    31 |       ||    31
       Troll leather arm |       |       |       |   176 |   554 ||   730
       Skin              |       |       |       |    32 |     5 ||    37
Dodge: Dodged            |    71 |    48 |   334 |   566 |  1178 ||  2197

Table legend:
 A = Non-vault XP
 B = Vault XP
 C = Vault XP percentage of total XP
 D = Non-vault monster count
 E = Vault monster count
 F = Vault count percentage of total count
                 A         B        C        D         E       F
            +---------+---------+-------+---------+---------+-------
      Total |   86172 |   50867 |  37.1 |     573 |     209 |  26.7
            +---------+---------+-------+---------+---------+-------
        D:1 |      42 |       8 |  16.0 |      27 |       4 |  12.9
        D:2 |      64 |      39 |  37.9 |      20 |       2 |   9.1
        D:3 |     248 |       4 |   1.6 |      27 |       1 |   3.6
        D:4 |     990 |       0 |   0.0 |      32 |       0 |   0.0
        D:5 |     985 |     169 |  14.6 |      30 |       1 |   3.2
        D:6 |     654 |     210 |  24.3 |      17 |       3 |  15.0
        D:7 |     913 |     223 |  19.6 |      16 |       2 |  11.1
        D:8 |    2418 |    1020 |  29.7 |      30 |       5 |  14.3
        D:9 |     995 |    1624 |  62.0 |      23 |       4 |  14.8
       D:10 |    1590 |       0 |   0.0 |      18 |       0 |   0.0
       D:11 |    4245 |     658 |  13.4 |      39 |       9 |  18.8
       D:12 |    8024 |     833 |   9.4 |      32 |       2 |   5.9
       D:13 |    2224 |       0 |   0.0 |      12 |       0 |   0.0
       D:14 |    4611 |    3785 |  45.1 |      16 |       4 |  20.0
       D:15 |   19196 |    8001 |  29.4 |      40 |      11 |  21.6
     Lair:1 |    5296 |     815 |  13.3 |      22 |       7 |  24.1
     Lair:2 |    2802 |    2434 |  46.5 |      15 |      13 |  46.4
     Lair:3 |    7368 |     885 |  10.7 |      23 |       3 |  11.5
     Lair:4 |    2526 |   10297 |  80.3 |      10 |      61 |  85.9
     Lair:5 |    9247 |    5006 |  35.1 |      24 |       5 |  17.2
     Lair:6 |    4485 |    2139 |  32.3 |      22 |      27 |  55.1
      Orc:1 |    2494 |    1213 |  32.7 |      30 |       7 |  18.9
      Orc:2 |    4755 |    7626 |  61.6 |      48 |      25 |  34.2
    Volcano |       0 |    3878 | 100.0 |       0 |      13 | 100.0
            +---------+---------+-------+---------+---------+-------
